 Dungeon Crawl Stone Soup version 0.31.0-9-g3a7656b989 (webtiles) character file.

Game seed: 17672664816727616365

1321 qw the Skirmisher (level 8, 0/40 HPs)
             Began as a Spriggan Hunter on Feb 2, 2024.
             Was an Initiate of Okawaru.
             Slain by a hornet (14 damage)
             ... on level 5 of the Dungeon.
             The game lasted 00:00:28 (4345 turns).

qw the Skirmisher (Spriggan Hunter)                 Turns: 4345, Time: 00:00:29

Health: 0/40       AC:  6    Str:  7    XL:     8   Next: 33%
Magic:  9/9        EV: 23    Int: 11    God:    Okawaru [......]
Gold:   277        SH:  0    Dex: 20    Spells: 7/7 levels left

rFire   . . .        a - +0 shortbow
rCold   + . .        (shield currently unavailable)
rNeg    . . .        c - +0 robe
rPois   .            (helmet restricted)
rElec   .            (no cloak)
rCorr   .            (gloves unavailable)
SInv    +            (boots unavailable)
Will    +....        (no amulet)
Stlth   ++           f - ring of protection from cold
HPRegen 0.26/turn    d - +4 ring of protection
MPRegen 0.11/turn

%: no passive effects
@: lethally poisoned (0 -> -5), slowed, quick
A: very small, no large weapons, unfitting armour, see invisible, speed 3
a: Renounce Religion


You were on level 5 of the Dungeon.
You worshipped Okawaru.
Okawaru was noncommittal.
You visited 1 branch of the dungeon, and saw 5 of its levels.
You also visited: Sewer.

You collected 277 gold pieces.


Innate Abilities, Weirdness & Mutations

You are very small and have problems with some larger weapons.
You are too small for most types of armour.
You have supernaturally acute eyesight. (SInv)
You cover ground extremely quickly. (Speed+++)


   Skills:
 - Level 3.1 Fighting
 + Level 8.7 Ranged Weapons
 - Level 8.0 Dodging
 - Level 1.5 Stealth


You had 7 spell levels left.
You didn't know any spells.
Your spell library was empty.

Inventory:

Hand Weapons
 a - a +0 shortbow (weapon)
Armour
 c - a +0 robe (worn)
Jewellery
 d - a +4 ring of protection (right hand)
 f - a ring of protection from cold (left hand)
Potions
 b - 3 potions of enlightenment
 e - a potion of resistance
 g - a potion of mutation
 h - a potion of cancellation
 k - a potion of might {unknown}

Dungeon Overview and Level Annotations

Branches:
Dungeon (5/15)              Sewer (visited)
 Temple: D:4-7

Altars:
Okawaru
Wu Jian

Annotations:
D:3 1 runed translucent door, Crazy Yiuf


Message History

There is a stone staircase leading down here.
You start resting.
HP restored.
4304 ||| READING scroll of identify.
4304 ||| IDENTIFYING ruby potion
As you read the scroll of identify, it crumbles to dust.
e - a potion of resistance
4305 ||| READING scroll labelled USHESI TOENU.
As you read the scroll labelled USHESI TOENU, it dissolves into smoke.
It was a scroll of fog.
You climb downwards.
There is a stone staircase leading up here.
You shoot an arrow. The arrow barely misses the orc.
The orc hits you but does no damage.
You shoot an arrow. The arrow hits the orc!
You kill the orc!
Okawaru accepts your kill.
You shoot an arrow. The arrow barely misses the orc.
You shoot an arrow. The arrow barely misses the orc.
You shoot an arrow. The arrow hits the orc!
You kill the orc!
Okawaru accepts your kill.
A hornet comes into view.
Found a stone staircase leading down.
The hornet buzzes angrily.
You shoot an arrow. The arrow closely misses the hornet.
You shoot an arrow. The arrow hits the hornet.
The hornet is lightly wounded.
You shoot an arrow. The arrow closely misses the hornet.
You shoot an arrow. The arrow misses the hornet.
The hornet stings you!
You are poisoned.
You feel yourself slow down.
You shoot an arrow. The arrow hits the hornet.
The hornet is lightly wounded.
You feel very sick. The hornet stings you!
You feel as though you will be slow longer.
The hornet stings you!
You die...

#####.#
#.#
......#
####.#
.######
#....# .#
#.#### .#
#.# .#
#.# .#
#.# .#
#.# .#
#@# ..
..>...y.#
##
#########


You could see a hornet.

Vanquished Creatures
  2 crocodiles (Sewer)
  2 ogres
  A phantom (D:4)
  5 wights
  2 hounds
  3 orc priests
  A gnoll bouda (D:5)
  2 sleepcaps (D:4)
  A sickly merfolk siren (Sewer)
  A malarious merfolk avatar (Sewer)
  9 gnolls
  14 adders
  2 river rats (D:3)
  A white imp (D:5)
  3 dart slugs
  2 ribbon worms (D:2)
  13 orcs
  6 ball pythons
  4 bats
  3 endoplasms
  5 giant cockroaches
  5 goblins
  7 hobgoblins
  18 jackals
  5 kobolds
  7 quokkas
  7 frilled lizards
  22 rats
153 creatures vanquished.

Notes
Turn   | Place    | Note
-------+----------+-------------------------------------------
     0 | D:1      | qw the Spriggan Hunter began the quest for the Orb.
     0 | D:1      | Reached XP level 1. HP: 10/10 MP: 2/2
     0 | D:1      | 0 ||| qw: Version: 0.3-a-155-g5e7d8dd
     0 | D:1      | 0 ||| qw: Game counter: 508
     0 | D:1      | 0 ||| qw: Melee chars always use a shield: true
     0 | D:1      | 0 ||| qw: God list: Okawaru
     0 | D:1      | 0 ||| qw: Allow faded altars: false
     0 | D:1      | 0 ||| qw: Do Orc after clearing Dungeon:15 true
     0 | D:1      | 0 ||| qw: Do second Lair branch before Depths: true
     0 | D:1      | 0 ||| qw: Lair rune preference: random
     0 | D:1      | 0 ||| qw: Goals: Normal
     0 | D:1      | 0 ||| PLANNING D:1-11
    42 | D:1      | Reached skill level 3 in Dodging
   105 | D:1      | Reached XP level 2. HP: 14/14 MP: 3/3
   626 | D:1      | 626 ||| UPGRADING to ring of protection from cold.
   627 | D:1      | 627 ||| READING scroll labelled UHUNIE XUTA.
   628 | D:1      | 628 ||| READING 3 scrolls labelled EGONAEHE IPSE.
   628 | D:1      | 628 ||| IDENTIFYING purple potion
   629 | D:1      | 629 ||| READING 2 scrolls of identify.
   629 | D:1      | 629 ||| IDENTIFYING puce potion
   630 | D:1      | 630 ||| READING scroll of identify.
   630 | D:1      | 630 ||| IDENTIFYING brown potion
   631 | D:1      | 631 ||| READING scroll labelled URAIRI SOERATI.
   632 | D:1      | 632 ||| DROPPING scroll of butterflies.
   716 | D:2      | Reached XP level 3. HP: 18/18 MP: 4/4
  1250 | D:2      | Found a faded altar of an unknown god.
  1366 | D:2      | Reached XP level 4. HP: 22/22 MP: 5/5
  1466 | D:2      | 1466 ||| UPGRADING to +4 ring of protection.
  1467 | D:2      | 1467 ||| DROPPING +6 ring of intelligence.
  1468 | D:2      | 1468 ||| READING scroll of identify.
  1468 | D:2      | 1468 ||| IDENTIFYING 2 glowing coppery potions
  1469 | D:2      | 1469 ||| READING scroll labelled UMICIA ANAFAP.
  1470 | D:2      | 1470 ||| DRINKING 2 murky brown potions.
  1471 | D:2      | 1471 ||| DROPPING 2 potions of attraction.
  1473 | D:2      | 1473 ||| Stepping ~*~*~tactically~*~*~ (cloud).
  1582 | D:3      | 1582 ||| PLANNING SEWER
  1596 | D:3      | Found a runed translucent door.
  1597 | D:3      | Noticed Crazy Yiuf
  1851 | D:3      | Found an ornate altar of the Wu Jian Council.
  1879 | D:3      | Reached XP level 5. HP: 18/26 MP: 6/6
  2088 | D:3      | Found a glowing drain.
  2097 | D:3      | 2097 ||| READING scroll of identify.
  2097 | D:3      | 2097 ||| IDENTIFYING scroll labelled UKARGH VAFFOEG
  2098 | D:3      | 2098 ||| DROPPING scroll of silence.
  2104 | Sewer    | Entered a sewer
  2140 | Sewer    | Noticed a crocodile
  2141 | Sewer    | 2141 ||| DRINKING potion of haste.
  2148 | Sewer    | Killed a crocodile
  2149 | Sewer    | Reached skill level 6 in Ranged Weapons
  2149 | Sewer    | Reached XP level 6. HP: 24/30 MP: 7/7
  2383 | Sewer    | Reached skill level 6 in Dodging
  2388 | Sewer    | 2388 ||| RETREEEEATING.
  2391 | Sewer    | 2391 ||| RETREEEEATING.
  2393 | Sewer    | 2393 ||| RETREEEEATING.
  2394 | Sewer    | 2394 ||| RETREEEEATING.
  2395 | Sewer    | 2395 ||| RETREEEEATING.
  2396 | Sewer    | 2396 ||| RETREEEEATING.
  2599 | D:3      | 2599 ||| PLANNING D:1-11
  2907 | D:4      | Reached XP level 7. HP: 35/35 MP: 8/8
  2971 | D:4      | 2971 ||| RETREEEEATING.
  2975 | D:4      | 2975 ||| RETREEEEATING.
  2975 | D:4      | HP: 8/35 [ogre/+0 giant club (20)]
  2976 | D:4      | 2976 ||| READING 3 scrolls of teleportation.
  2977 | D:4      | 2977 ||| RETREEEEATING.
  2977 | D:4      | HP: 2/34 [wight/+1 great sword (2)]
  2978 | D:4      | 2978 ||| DRINKING potion of heal wounds.
  2979 | D:4      | 2979 ||| RETREEEEATING.
  2980 | D:4      | 2980 ||| RETREEEEATING.
  2981 | D:4      | 2981 ||| RETREEEEATING.
  2982 | D:4      | 2982 ||| RETREEEEATING.
  2983 | D:4      | 2983 ||| RETREEEEATING.
  2984 | D:4      | 2984 ||| RETREEEEATING.
  2985 | D:4      | 2985 ||| RETREEEEATING.
  2988 | D:4      | 2988 ||| RETREEEEATING.
  2989 | D:4      | 2989 ||| RETREEEEATING.
  2995 | D:4      | 2995 ||| RETREEEEATING.
  2996 | D:4      | 2996 ||| RETREEEEATING.
  2997 | D:4      | 2997 ||| RETREEEEATING.
  2998 | D:4      | 2998 ||| RETREEEEATING.
  2999 | D:4      | 2999 ||| RETREEEEATING.
  3000 | D:4      | 3000 ||| RETREEEEATING.
  3001 | D:4      | 3001 ||| RETREEEEATING.
  3004 | D:4      | 3004 ||| STAIRDANCE
  3563 | D:4      | Reached skill level 3 in Fighting
  3599 | D:4      | Found an iron altar of Okawaru.
  3600 | D:4      | 3600 ||| PLANNING OKAWARU WORSHIP
  3607 | D:4      | Became a worshipper of Warmaster Okawaru
  3608 | D:4      | 3608 ||| PLANNING D:1-11
  3711 | D:4      | 3711 ||| READING 2 scrolls of identify.
  3711 | D:4      | 3711 ||| IDENTIFYING cyan potion
  3712 | D:4      | 3712 ||| DROPPING potion of brilliance.
  3720 | D:4      | Reached XP level 8. HP: 40/40 MP: 9/9
  3864 | D:5      | Entered Level 5 of the Dungeon
  3904 | D:5      | HP: 4/40 [ogre/+0 giant spiked club (20)]
  3905 | D:5      | 3905 ||| READING 2 scrolls of teleportation.
  3906 | D:5      | 3906 ||| DRINKING potion of heal wounds.
  3923 | D:5      | 3923 ||| RETREEEEATING.
  3925 | D:5      | HP: 6/40 [gnoll/+3 whip[a gnoll bouda] (6)]
  3926 | D:5      | 3926 ||| READING scroll of teleportation.
  4231 | D:5      | 4231 ||| FLEEEEING.
  4232 | D:5      | 4232 ||| FLEEEEING.
  4233 | D:5      | 4233 ||| FLEEEEING.
  4234 | D:5      | 4234 ||| FLEEEEING.
  4235 | D:5      | 4235 ||| FLEEEEING.
  4236 | D:5      | 4236 ||| FLEEEEING.
  4237 | D:5      | 4237 ||| FLEEEEING.
  4238 | D:5      | 4238 ||| FLEEEEING.
  4239 | D:5      | 4239 ||| FLEEEEING.
  4240 | D:5      | 4240 ||| FLEEEEING.
  4244 | D:5      | 4244 ||| FLEEEEING.
  4245 | D:5      | 4245 ||| FLEEEEING.
  4246 | D:5      | 4246 ||| FLEEEEING.
  4247 | D:5      | 4247 ||| FLEEEEING.
  4248 | D:5      | 4248 ||| FLEEEEING.
  4249 | D:5      | 4249 ||| FLEEEEING.
  4250 | D:5      | 4250 ||| FLEEEEING.
  4251 | D:5      | 4251 ||| FLEEEEING.
  4252 | D:5      | 4252 ||| FLEEEEING.
  4253 | D:5      | 4253 ||| FLEEEEING.
  4254 | D:5      | 4254 ||| FLEEEEING.
  4256 | D:5      | 4256 ||| FLEEEEING.
  4257 | D:5      | 4257 ||| FLEEEEING.
  4259 | D:5      | 4259 ||| FLEEEEING.
  4260 | D:5      | 4260 ||| FLEEEEING.
  4261 | D:5      | 4261 ||| FLEEEEING.
  4268 | D:5      | 4268 ||| FLEEEEING.
  4269 | D:5      | 4269 ||| FLEEEEING.
  4270 | D:5      | 4270 ||| FLEEEEING.
  4271 | D:5      | 4271 ||| FLEEEEING.
  4273 | D:5      | 4273 ||| FLEEEEING.
  4274 | D:5      | 4274 ||| FLEEEEING.
  4276 | D:5      | 4276 ||| FLEEEEING.
  4277 | D:5      | 4277 ||| FLEEEEING.
  4278 | D:5      | 4278 ||| FLEEEEING.
  4280 | D:5      | 4280 ||| FLEEEEING.
  4281 | D:5      | 4281 ||| FLEEEEING.
  4282 | D:5      | 4282 ||| FLEEEEING.
  4283 | D:5      | 4283 ||| FLEEEEING.
  4284 | D:5      | 4284 ||| FLEEEEING.
  4285 | D:5      | 4285 ||| STAIRDANCE
  4304 | D:4      | 4304 ||| READING scroll of identify.
  4304 | D:4      | 4304 ||| IDENTIFYING ruby potion
  4305 | D:4      | 4305 ||| READING scroll labelled USHESI TOENU.
  4340 | D:5      | Noticed a hornet
  4345 | D:5      | Slain by a hornet

Levels and vault maps discovered:
D:1:      dpeg_arrival_lava_temple_mockup, layout_loops_cross
D:2:      layout_loops_corners, ebering_ecumenical_altar_hall, chequers_jeans,
          minmay_heptomino_d4
D:3:      layout_basic, mainiacjoe_overflow_six_doors_small,
          gup_sewer_entry_bubbles, uniq_crazy_yiuf_cottage
D:4:      layout_cave_pools, kennysheep_mini,
          nicolae_concentric_dashed_squares_wild, chequers_big_river,
          nrook_loot_triangle, minmay_gold_behind_fungi
D:5:      layout_loops_ring, overflow_temple_1_default

Skill      XL: |  1  2  3  4  5  6  7  8 |
---------------+-------------------------+-----
Dodging        | 3 4 5 6 7 8 |  8.0
Ranged Weapons | 5 6 8 |  8.7
Fighting       | 2 3 |  3.1
Stealth        | |  1.5

Action                     |  1- 3 |  4- 6 |  7- 9 || total
---------------------------+-------+-------+-------++-------
   Fire: Shortbow          |    98 |   265 |   214 ||   577
    Use: Scroll            |     5 |     3 |     6 ||    14
         Potion            |       |     2 |     2 ||     4
 Armour: Robe              |     4 |    51 |    42 ||    97
  Dodge: Dodged            |    17 |   178 |   111 ||   306

Table legend:
 A = Non-vault XP
 B = Vault XP
 C = Vault XP percentage of total XP
 D = Non-vault monster count
 E = Vault monster count
 F = Vault count percentage of total count
                 A         B        C        D         E       F
            +---------+---------+-------+---------+---------+-------
      Total |    1408 |     480 |  25.4 |     100 |      53 |  34.6
            +---------+---------+-------+---------+---------+-------
        D:1 |      35 |       0 |   0.0 |      18 |       0 |   0.0
        D:2 |      55 |       7 |  11.3 |      17 |       3 |  15.0
        D:3 |     223 |      57 |  20.4 |      23 |       7 |  23.3
        D:4 |     746 |       0 |   0.0 |      30 |       0 |   0.0
        D:5 |     349 |       0 |   0.0 |      12 |       0 |   0.0
      Sewer |       0 |     416 | 100.0 |       0 |      43 | 100.0
            +---------+---------+-------+---------+---------+-------
